 Dungeon Crawl Stone Soup version 0.24-a0-205-g1d96822 (webtiles) character file.

Game seed: 12590239879774160024

4141 VLARC the Insei (level 10, -2/63 HPs)
             Began as a Vine Stalker Transmuter on Mar 28, 2019.
             Was an Initiate of Okawaru.
             Slain by a killer bee (3 damage)
             ... on level 8 of the Dungeon.
             The game lasted 00:23:28 (7143 turns).

VLARC the Insei (Vine Stalker Transmuter)           Turns: 7143, Time: 00:23:28

Health: -2/63      AC:  6    Str: 12    XL:     10   Next: 27%
Magic:  0/31       EV: 10    Int: 16    God:    Okawaru [......]
Gold:   549        SH:  0    Dex: 16    Spells: 8/23 levels left

rFire    x . .     SeeInvis .     - Unarmed
rCold    + + +     Gourm    .   (shield currently unavailable)
rNeg     . . .     Faith    .   (armour currently unavailable)
rPois    +         Spirit   +   (helmet currently unavailable)
rElec    .         Reflect  .   (cloak currently unavailable)
rCorr    .         Harm     .   (gloves currently unavailable)
MR       +....                  (boots currently unavailable)
Stlth    +.........             (no amulet)
HPRegen  0.60/turn              (no ring)
MPRegen  0.22/turn              v - ring of magical power

@: lethally poisoned (-2 -> -3), ice-form, marked
A: large, regeneration 1, magic shield, no potion heal 3, rot immunity
a: End Transformation, Renounce Religion


You were on level 8 of the Dungeon.
You worshipped Okawaru.
Okawaru was noncommittal.
You were hungry.
You were a creature of crystalline ice.
You visited 2 branches of the dungeon, and saw 9 of its levels.
You also visited: Sewer and Ossuary.

You collected 549 gold pieces.

Inventory:

Missiles
 a - 174 arrows
Armour
 m - a +1 pair of gloves (melded)
 n - a +0 cloak (melded)
 w - a +0 shield
 y - a +0 leather armour (melded)
Jewellery
 v - a ring of magical power (right front paw)
Wands
 e - a wand of scattershot (2)
 u - a wand of digging (4)
Scrolls
 b - a scroll of magic mapping
 j - 3 scrolls of identify
 k - a scroll of noise {unknown}
 l - 2 scrolls of enchant armour
 o - 2 scrolls of teleportation
 r - 5 scrolls of remove curse
 z - 2 scrolls of fear {unknown}
 A - a scroll of amnesia
Potions
 c - 2 potions of invisibility {unknown}
 f - a potion of flight
 g - a potion of magic {unknown}
 h - 6 potions of curing
 i - 4 potions of might {unknown}
 p - 2 potions of brilliance
 q - 7 potions of agility
 s - a potion of mutation {unknown}
 t - a potion of haste {unknown}
 x - a potion of degeneration {unknown}
Comestibles
 d - 16 rations
 B - 2 chunks of flesh


   Skills:
 + Level 6.4 Fighting
 - Level 1.5 Dodging
 + Level 7.5 Unarmed Combat
 + Level 7.4 Spellcasting
 - Level 7.0 Transmutations
 * Level 3.0 Ice Magic
 - Level 3.0 Poison Magic


You had 8 spell levels left.
You knew the following spells:

 Your Spells              Type           Power        Failure   Level  Hunger
a - Beastly Appendage     Tmut           ####..       1%          1    None
b - Sticks to Snakes      Tmut           ####....     1%          2    None
c - Spider Form           Tmut/Pois      ###.......   4%          3    ##.....
d - Ice Form              Ice/Tmut       ###.....     16%         4    ####...
e - Blade Hands           Tmut           ####......   19%         5    #####..

Your spell library contained the following spells:

 Spells                   Type           Power        Failure   Level  Hunger


Dungeon Overview and Level Annotations

Branches:
Dungeon (8/15)             Temple (1/1) D:5            Lair (0/6) D:8

Altars:
Ashenzari
Cheibriados
Dithmenos
Elyvilon
Fedhas
Gozag
Hepliaklqana
Kikubaaqudgha
Makhleb
Nemelex Xobeh
Okawaru
Qazlal
Ru
Sif Muna
Trog
Uskayaw
Vehumet
Wu Jian
Xom
Yredelemnul
Zin
The Shining One

Shops:
D:8 :

Annotations:
D:3 3 runed translucent doors, Inarius's ghost, amateur DsMo
D:8 Harold


Innate Abilities, Weirdness & Mutations

((You have razor-sharp teeth.))
Your natural rate of healing is unusually fast.
When hurt, damage is shared between your health and your magic reserves.
((Your bite disrupts and absorbs the magic of your enemies.))
Potions cannot restore your health.
You are immune to rotting.


Message History

The killer bee poisons you! The killer bee barely misses you. x2
You hit the killer bee. You freeze the killer bee.
The killer bee is heavily wounded.
The killer bee stings you.
* * * LOW HITPOINT WARNING * * *
The killer bee closely misses you. The killer bee barely misses you.
The killer bee stings you.
* * * LOW HITPOINT WARNING * * *
You punch the killer bee! You freeze the killer bee.
You kill the killer bee!
Okawaru accepts your kill.
You feel sick. The killer bee stings you.
* * * LOW HITPOINT WARNING * * *
The killer bee stings you!
* * * LOW HITPOINT WARNING * * *
The killer bee stings you.
* * * LOW HITPOINT WARNING * * *
The killer bee closely misses you. The killer bee barely misses you.
The killer bee stings you!
You die...

..................⌠.⌠##
#............^.....###
#.........#.......##
##.......##..##...##
##.......##........#
###................##
.#....PP............##
........P............#
.P...PPPP.P..P.†Y...##


...PPPP.P..PP.Pyyy.## .P.PPP.P....P..P.### P.P.P.P.P.P..P.....#
P........P.PP.P....# PPP.PP†>..P.P.P....# ...PP..P..P.PPP....#
PPP.....P.P.PPPZ..## .P.P........Z.....# You could see 3 killer bees and an
adder zombie.

Vanquished Creatures
  A two-headed ogre (D:7)
  Eustachio (D:5)
  A porcupine (D:7)
  An orc warrior (D:5)
  2 black bears (D:8)
  A sky beast (D:5)
  4 ice beasts
  An ogre (D:5)
  2 centaurs
  4 crocodiles
  A big kobold (Sewer)
  An elf zombie (Ossuary)
  4 bullfrogs
  2 scorpions (D:8)
  3 killer bees (D:8)
  2 howler monkeys
  A bullfrog zombie (D:8)
  3 crimson imps (D:5)
  2 jellies
  3 centaur zombies
  A centaur skeleton (D:8)
  6 orc priests
  6 orc wizards
  2 bullfrog skeletons
  An iguana (D:7)
  A worker ant (D:8)
  2 big kobold zombies (Ossuary)
  2 hound zombies (Ossuary)
  3 hound skeletons
  3 mummies (Ossuary)
  9 adders
  A shadow imp (D:2)
  4 oozes
  4 adder zombies (Ossuary)
  A worm (D:3)
  A dart slug (D:2)
  4 leopard geckos
  30 orcs
  4 ball pythons
  14 bats
  4 giant cockroaches
  2 gnoll zombies (Ossuary)
  14 goblins
  15 hobgoblins
  14 jackals
  A quokka (D:5)
  2 frilled lizards
  5 goblin zombies
  4 hobgoblin zombies (Ossuary)
  2 jackal skeletons
  3 jackal zombies (Ossuary)
  17 kobolds
  5 kobold zombies (Ossuary)
  2 leopard gecko skeletons
  A leopard gecko zombie (D:6)
  An orc zombie (Ossuary)
  A quokka skeleton (D:5)
  2 quokka zombies
  10 rats
  5 rat zombies (Ossuary)
249 creatures vanquished.

Vanquished Creatures (collateral kills)
  An ogre (D:4)
  A centaur (D:4)
  An iguana (D:4)
  A giant cockroach (D:5)
4 creatures vanquished.

Vanquished Creatures (others)
  14 fungi (D:8)
  5 plants (D:8)
19 creatures vanquished.

Grand Total: 272 creatures vanquished

Notes
Turn   | Place    | Note
-------+----------+-------------------------------------------
     0 | D:1      | VLARC the Vine Stalker Transmuter began the quest for the
                  | Orb.
     0 | D:1      | Reached XP level 1. HP: 9/9 MP: 4/4
   123 | D:1      | Reached skill level 1 in Fighting
   183 | D:1      | Reached XP level 2. HP: 14/14 MP: 6/6
   752 | D:2      | Reached XP level 3. HP: 17/18 MP: 5/7
  1182 | D:2      | Gained mutation: Your natural rate of healing is unusually
                  | fast. [Vine Stalker growth]
  1182 | D:2      | Reached XP level 4. HP: 8/23 MP: 2/9
  1495 | D:3      | Learned a level 2 spell: Sticks to Snakes
  1703 | D:3      | Found a runed translucent gate.
  1703 | D:3      | Found a runed translucent gate.
  1703 | D:3      | Found a runed translucent gate.
  1889 | D:3      | Reached XP level 5. HP: 18/26 MP: 6/10
  1974 | D:3      | Noticed Inarius's ghost (amateur DsMo)
  2420 | D:4      | Noticed an ogre
  2465 | D:4      | Found a sand-covered staircase.
  2487 | Ossuary  | Entered an ossuary
  2637 | Ossuary  | Reached XP level 6. HP: 32/32 MP: 12/12
  3132 | D:4      | Reached XP level 7. HP: 36/36 MP: 14/14
  3592 | D:5      | Entered Level 5 of the Dungeon
  3687 | D:5      | Reached skill level 5 in Unarmed Combat
  3862 | D:5      | Gained mutation: You have razor-sharp teeth. [Vine Stalker
                  | growth]
  3862 | D:5      | Reached XP level 8. HP: 42/42 MP: 16/16
  3886 | D:5      | Reached skill level 5 in Spellcasting
  3889 | D:5      | Reached skill level 5 in Transmutations
  3922 | D:5      | Noticed Eustachio
  3942 | D:5      | Killed Eustachio
  3962 | D:5      | Learned a level 3 spell: Spider Form
  4094 | D:5      | Found a staircase to the Ecumenical Temple.
  4112 | Temple   | Entered the Ecumenical Temple
  4122 | D:5      | Found a glowing drain.
  4133 | Sewer    | Entered a sewer
  4636 | D:5      | Reached skill level 1 in Poison Magic
  5046 | D:5      | Reached XP level 9. HP: 38/46 MP: 18/18
  5276 | D:6      | Reached skill level 5 in Fighting
  6041 | D:7      | Found a shattered altar of Ashenzari.
  6150 | D:7      | Noticed a two-headed ogre
  6194 | D:7      | Killed a two-headed ogre
  6278 | D:7      | Found a hazy altar of Hepliaklqana.
  6431 | D:7      | Found a glowing golden altar of the Shining One.
  6589 | D:7      | Learned a level 4 spell: Ice Form
  6595 | D:7      | Learned a level 5 spell: Blade Hands
  6659 | D:8      | Found Ischy Tid's Book Emporium.
  6673 | D:8      | Found a staircase to the Lair.
  6732 | D:7      | Reached skill level 1 in Ice Magic
  6732 | D:7      | Reached XP level 10. HP: 30/53 MP: 18/21
  7067 | D:8      | Found an iron altar of Okawaru.
  7070 | D:8      | Found an ancient bone altar of Kikubaaqudgha.
  7076 | D:8      | Became a worshipper of Warmaster Okawaru
  7088 | D:8      | Noticed Harold
  7143 | D:8      | HP: 3/63 [killer bee (1)]
  7143 | D:8      | HP: 1/63 [killer bee (2)]
  7143 | D:8      | Slain by a killer bee

Levels and vault maps discovered:
D:1:      minmay_arrival_radiant_lines, layout_loops_ring,
          minmay_strange_pillars
D:2:      layout_basic
D:3:      minmay_chambers_of_threes, layout_loops_ring, gammafunk_ghost_icy
D:4:      cheibrodos_greedy_goblins, layout_rooms, enter_ossuary_4, first_ration
D:5:      minmay_thinvault, layout_rooms, minmay_temple_entry_overgrown,
          portal_sewer_entry_d, uniq_eustachio
D:6:      layout_basic
D:7:      layout_rooms, old_standard_altar, kennysheep_mini,
          cheibrodos_ashenzari_chains
D:8:      layout_cave_pools, chequers_temple_overflow_statue_of_worship,
          due_lair_maze_entry_diamond, serial_shops, shop_fountains, uniq_harold
Temple:   regret_index_temple_mists
Sewer:    kennysheep_pipe_town
Ossuary:  minmay_ossuary_two_tombs

Skill      XL: |  1  2  3  4  5  6  7  8  9 10 |
---------------+-------------------------------+-----
Fighting       | 1 2 3 4 6 |  6.4
Spellcasting   | 3 4 5 7 |  7.4
Transmutations | 3 4 5 6 7 |  7.0
Unarmed Combat | 4 5 6 7 |  7.5
Poison Magic   | 2 3 |  3.0
Ice Magic      | 1 3 |  3.0
Dodging        | |  1.5

Action                   |  1- 3 |  4- 6 |  7- 9 | 10-12 || total
-------------------------+-------+-------+-------+-------++-------
Melee: Unarmed           |   129 |   406 |   507 |    93 ||  1135
       Bite              |    23 |   126 |   147 |    23 ||   319
       Kick              |     1 |     5 |     4 |       ||    10
       Headbutt          |     1 |       |     7 |       ||     8
       Punch             |     2 |    12 |    15 |     2 ||    31
 Cast: Beastly Appendage |     7 |     4 |     4 |       ||    15
       Sticks to Snakes  |       |       |    10 |     2 ||    12
       Spider Form       |       |       |     1 |       ||     1
       Ice Form          |       |       |       |     1 ||     1
  Use: Scroll            |       |    11 |     2 |     1 ||    14
 Stab: Distracted        |       |       |     1 |     1 ||     2
  Eat: Chunk             |     1 |     4 |     8 |     2 ||    15
       Ration            |       |     1 |     1 |       ||     2
Armor: Robe              |    58 |   117 |    25 |       ||   200
       Leather armour    |       |       |    84 |    32 ||   116
Dodge: Dodged            |   108 |   240 |   294 |    65 ||   707

Table legend:
 A = Non-vault XP
 B = Vault XP
 C = Vault XP percentage of total XP
 D = Non-vault monster count
 E = Vault monster count
 F = Vault count percentage of total count
                 A         B        C        D         E       F
            +---------+---------+-------+---------+---------+-------
      Total |    3660 |    2256 |  38.1 |     145 |     108 |  42.7
            +---------+---------+-------+---------+---------+-------
        D:1 |      29 |       0 |   0.0 |      19 |       0 |   0.0
        D:2 |      60 |       0 |   0.0 |      19 |       0 |   0.0
        D:3 |     118 |      19 |  13.9 |      27 |      12 |  30.8
        D:4 |     384 |      23 |   5.7 |      11 |      14 |  56.0
        D:5 |     634 |     704 |  52.6 |      17 |      10 |  37.0
        D:6 |     637 |       0 |   0.0 |      24 |       0 |   0.0
        D:7 |    1193 |     246 |  17.1 |      13 |       2 |  13.3
        D:8 |     605 |     732 |  54.7 |      15 |       7 |  31.8
      Sewer |       0 |     150 | 100.0 |       0 |      24 | 100.0
    Ossuary |       0 |     382 | 100.0 |       0 |      39 | 100.0
            +---------+---------+-------+---------+---------+-------
